 Dungeon Crawl Stone Soup version 0.29.0-13-gc9e81de378 (webtiles) character file.

Game seed: 4732766693732434021

225 SnakkuSnakku7 the Shooter (level 6, 0/43 HPs)
             Began as a Djinni Hunter on Sept 10, 2022.
             Slain by Terence
             ... wielding a +0 hand axe
              (8 damage)
             ... on level 3 of the Dungeon.
             The game lasted 00:02:14 (2451 turns).

SnakkuSnakku7 the Shooter (Djinni Hunter)           Turns: 2451, Time: 00:02:15

Health: 0/43       AC:  3    Str: 10    XL:     6   Next: 21%
Gold:   60         EV: 12    Int: 10    God:
                   SH:  0    Dex: 19

rFire   + + .      SeeInvis .   a - +0 shortbow
rCold   x . .      Faith    .   (shield currently unavailable)
rNeg    . . .      Spirit   .   c - +0 leather armour
rPois   ∞          Reflect  .   (no helmet)
rElec   .          Harm     .   (no cloak)
rCorr   .          Rampage  .   (no gloves)
Will    .....                   (boots unavailable)
Stlth   ++........              (no amulet)
HPRegen 0.14/turn               (no ring)
MPRegen 0.00/turn               (no ring)

@: flying
A: sickness immunity, fire resistance 2, cold vulnerability 1, float, innate
caster, HP casting, extra vitality 1
a: no special abilities


You were on level 3 of the Dungeon.
You visited 1 branch of the dungeon, and saw 4 of its levels.

You collected 60 gold pieces.

Inventory:

Hand Weapons
 a - a +0 shortbow (weapon)
Armour
 c - a +0 leather armour (worn)
Scrolls
 b - a scroll of immolation
 e - a scroll of blinking {unknown}
 g - a scroll of noise {unknown}
 h - 3 scrolls of identify {unknown}
 i - 2 scrolls of poison {unknown}
 l - a scroll of teleportation {unknown}
 m - a scroll of vulnerability {unknown}
Potions
 d - a potion of curing
 f - a potion of brilliance {unknown}
 j - a potion of flight {unknown}
 k - a potion of resistance {unknown}
 n - a potion of might {unknown}


   Skills:
 - Level 2.0 Fighting
 + Level 5.8 Ranged Weapons
 - Level 2.1 Dodging
 - Level 0.7 Stealth


You had 2 spell levels left.
You knew the following spells:

 Your Spells              Type           Power      Damage    Failure   Level
a - Summon Small Mammal   Summ           0%         N/A       45%         1
b - Static Discharge      Conj/Air       0%         3-3/arc   61%         2
Your spell library was empty.

Dungeon Overview and Level Annotations

Branches:
Dungeon (4/15)
 Temple: D:4-7

Altars:
Wu Jian

Annotations:
D:3 Terence


Innate Abilities, Weirdness & Mutations

You are immune to sickness and miasma.
You are immune to poison.
Your flesh is very heat resistant. (rF++)
You are vulnerable to cold. (rC-)
You float through the air rather than walking.
You learn spells naturally, not from books.
Your magical power is your life essence.
You have superior vitality. (+4 MHP)


Message History

The arrow hits Terence but does no damage.
Terence is severely wounded.
Terence closely misses you. Terence hits you with a +0 hand axe!
You are too injured to fight recklessly!
Unknown command.
You are too injured to fight recklessly!
Unknown command.
Unknown command.
You are too injured to fight recklessly!
You are too injured to fight recklessly!
Unknown command.
Fire: a) +0 shortbow
Press: ? - help, Q - select action, (/) - cycle Shift-Dir - straight line, f/p - Terence
Aim: Terence, wielding a +0 hand axe and wearing a +0 chain mail (severely wounded, 71% to hit)
You shoot an arrow. The arrow hits Terence.
Terence is severely wounded.
Terence hits you with a +0 hand axe.
Fire: a) +0 shortbow
Press: ? - help, Q - select action, (/) - cycle Shift-Dir - straight line, f/p - Terence
Aim: Terence, wielding a +0 hand axe and wearing a +0 chain mail (severely wounded, 71% to hit)
You shoot an arrow. The arrow closely misses Terence.
Terence completely misses you.
Fire: a) +0 shortbow
Press: ? - help, Q - select action, (/) - cycle Shift-Dir - straight line, f/p - Terence
Aim: Terence, wielding a +0 hand axe and wearing a +0 chain mail (severely wounded, 71% to hit)
You shoot an arrow.
The arrow hits Terence but does no damage.
Terence is severely wounded.
Terence hits you with a +0 hand axe.
* * * LOW HITPOINT WARNING * * *
Terence hits you with a +0 hand axe!
* * * LOW HITPOINT WARNING * * *
It was a potion of curing.
You feel better. Terence hits you with a +0 hand axe.
* * * LOW HITPOINT WARNING * * *
There is a stone staircase leading down here.
Terence attacks as you move away! Terence barely misses you.
Terence attacks as you move away! Terence closely misses you.
Terence attacks as you move away! Terence hits you with a +0 hand axe!
You die...

.........
........##########
#.g............
#.##..........
#.#>.######..
#.#g#######.#
#.#.##...##.#####
#!#.@...........# .
#.#..@..........#.#
...#(............#.#
.........~....~....##
....................#
............~~.......#
............~~.......#
.....................####
###.......~....~.........
#..#.............##....


You could see Terence and a hobgoblin.

Vanquished Creatures
  Sigmund (D:3)
  2 adders
  2 worms
  A dart slug (D:2)
  3 endoplasms
  A giant cockroach (D:2)
  3 goblins (D:2)
  5 hobgoblins
  4 jackals (D:2)
  7 kobolds
  A quokka (D:2)
  5 ball pythons
  A frilled lizard (D:2)
  4 rats
  A spectral goblin (D:1)
41 creatures vanquished.

Notes
Turn   | Place    | Note
-------+----------+-------------------------------------------
     0 | D:1      | SnakkuSnakku7 the Djinni Hunter began the quest for the
                  | Orb.
     0 | D:1      | Reached XP level 1. HP: 18/18 MP: 0/0
    44 | D:1      | Found a faded altar of an unknown god.
   155 | D:1      | Reached XP level 2. HP: 23/23 MP: 0/0
   160 | D:1      | You are sucked into a shaft and drop 1 floor!
   160 | D:2      | Found an ornate altar of the Wu Jian Council.
   497 | D:2      | Reached skill level 4 in Ranged Weapons
   497 | D:2      | Reached XP level 3. HP: 26/28 MP: 0/0
   497 | D:2      | Learned a level 1 spell: Summon Small Mammal
  1446 | D:2      | Reached XP level 4. HP: 33/33 MP: 0/0
  2124 | D:3      | Noticed Sigmund
  2313 | D:3      | Killed Sigmund
  2314 | D:3      | Reached skill level 5 in Ranged Weapons
  2314 | D:3      | Reached XP level 5. HP: 31/38 MP: 0/0
  2314 | D:3      | Learned a level 2 spell: Static Discharge
  2314 | D:3      | Reached XP level 6. HP: 36/43 MP: 0/0
  2424 | D:3      | Noticed Terence
  2444 | D:3      | HP: 1/43 [Terence/+0 hand axe (7)]
  2451 | D:3      | Slain by Terence

Illustrated notes

Levels and vault maps discovered:
D:1:      amcnicky_arrival_underground_garden, layout_basic,
          dreamdust_ecumenical_altar_drowned_temple
D:2:      layout_basic, basic_altar, minivault_25, interstate_on_off,
          minmay_misc_feat_plants
D:3:      layout_basic, skrybe_limestone_x, uniq_sigmund, uniq_terence,
          uniq_grinder
D:4:      layout_loops_ring, serial_shops, nicolae_diamond_shop,
          item_on_display_a, uniq_menkaure, uniq_natasha

Skill      XL: |  1  2  3  4 |
---------------+-------------+-----
Ranged Weapons | 4 5 |  5.8
Fighting       | |  2.0
Dodging        | |  2.1
Stealth        | |  0.7

Action                   |  1- 3 |  4- 6 || total
-------------------------+-------+-------++-------
 Fire: Shortbow          |    81 |    58 ||   139
  Use: Potion            |       |     1 ||     1
Armor: Leather armour    |    22 |     6 ||    28
Dodge: Dodged            |    44 |    28 ||    72
